 Dungeon Crawl Stone Soup version 0.19.5 (webtiles) character file.

6823 ekdrah the Basher (level 10, -15/90 HPs)
             Began as a Minotaur Berserker on Mar 23, 2017.
             Was a High Priest of Trog.
             Demolished by a skeletal warrior
             ... wielding a +0 hand axe
             ... led by a skeletal warrior
              (16 damage)
             ... on level 9 of the Dungeon on Mar 24, 2017.
             The game lasted 00:46:52 (9461 turns).

ekdrah the Basher (Minotaur Berserker)              Turns: 9461, Time: 00:46:53

Health: -15/90     AC: 15    Str: 28    XL:     10   Next: 77%
Magic:  9/9        EV: 12    Int:  4    God:    Trog [*****.]
Gold:   527        SH:  5    Dex: 11    Spells: 0 memorised, 9 levels left

rFire  . . .     SeeInvis .     V - +2 mace (venom)
rCold  . . .     Gourm    .     M - +1 chain mail "Yghuyw" {Str+4} (curse)
rNeg   . . .     Faith    .     h - +0 buckler
rPois  .         Spirit   .     (helmet restricted)
rElec  .         Reflect  .     E - +0 cloak
rCorr  .         Harm     .     (no gloves)
MR     .....                    (no boots)
Stlth  ..........               D - amulet of magic regeneration
                                (no ring)
                                y - +2 ring of protection

@: exhausted, slowed, very slow
A: retaliatory headbutt, horns 2
a: Berserk, Trog's Hand, Brothers in Arms, Burn Spellbooks, Renounce Religion


You were on level 9 of the Dungeon.
You worshipped Trog.
Trog was extremely pleased with you.
You were hungry.

You visited 1 branch of the dungeon, and saw 9 of its levels.

You collected 527 gold pieces.

Inventory:

Hand Weapons
 f - a +0 flail
 g - a +0 hunting sling
 p - a cursed +0 hand axe
 G - a +1 halberd of protection
 V - a +2 mace of venom (weapon)
Armour
 h - a +0 buckler (worn)
 s - a +0 plate armour
 E - a +0 cloak (worn)
 M - the cursed +1 chain mail "Yghuyw" (worn) {Str+4}
   (You found it on level 7 of the Dungeon)

   It affects your strength (+4).
   It has a curse placed upon it.
Jewellery
 q - a cursed ring of loudness {unknown}
 t - an uncursed ring of resist corrosion {unknown}
 y - a +2 ring of protection (left hand)
 D - an amulet of magic regeneration (around neck)
Wands
 l - a wand of flame (31/48)
 u - a wand of slowing (20/48)
 x - a wand of flame (16/48)
 C - a wand of lightning (5/15)
 I - a wand of enslavement (19/24)
 K - a wand of paralysis (10/24)
Scrolls
 a - 4 scrolls of magic mapping
 k - 5 scrolls of enchant weapon {unknown}
 r - a scroll of random uselessness {unknown}
 v - 2 scrolls of teleportation {unknown}
 w - a scroll of fear {unknown}
 A - 2 scrolls of fog {unknown}
 B - 2 scrolls of recharging {unknown}
 H - 2 scrolls of remove curse {unknown}
 N - 4 scrolls of identify
 O - a scroll of enchant armour {unknown}
 U - a scroll of silence {unknown}
Potions
 b - 2 potions of might {unknown}
 d - 5 potions of curing {unknown}
 e - 2 potions of degeneration {unknown}
 i - a potion of invisibility {unknown}
 j - 2 potions of lignification {unknown}
 m - a potion of flight
 n - a potion of ambrosia {unknown}
 o - 2 potions of heal wounds {unknown}
 z - 3 potions of brilliance {unknown}
 F - a potion of cure mutation {unknown}
 L - a potion of berserk rage {unknown}
 T - a potion of agility {unknown}
Comestibles
 c - 6 bread rations
 J - 3 fruits
 P - 3 meat rations
 Q - 2 slices of pizza
 R - 2 beef jerkies
 S - 11 chunks of flesh


   Skills:
 + Level 8.8 Fighting
 - Level 12.8 Maces & Flails
 + Level 7.8 Armour
 + Level 7.2 Dodging
 - Level 0.1 Stealth
 + Level 7.2 Shields


You had 9 spell levels left.
You didn't know any spells.

Dungeon Overview and Level Annotations

Branches:
Dungeon (9/15)             Temple (0/1) D:6             Orc (0/2) D:9
   Lair: D:8-11

Altars:
Ashenzari
Gozag
Kikubaaqudgha
Makhleb
Okawaru
Trog
Vehumet
Yredelemnul
The Shining One

Shops:
D:8 *


Innate Abilities, Weirdness & Mutations

You reflexively headbutt those who attack you in melee.
You have a pair of horns on your head.


Message History

* * * LOW HITPOINT WARNING * * *
Your chain mail "Yghuyw" prevents you from hitting the skeletal warrior.
The skeletal warrior is almost destroyed.
You hit the skeletal warrior but do no damage.
The skeletal warrior is almost destroyed.
The skeletal warrior barely misses you.
You hit the skeletal warrior.
You destroy the skeletal warrior!
Trog accepts your kill.
Your Shields skill increases to level 7!
You feel a strong urge to attack something.
You are no longer berserk.
You are exhausted.
You feel yourself slow down.
You see here a giant club.
The skeletal warrior hits you with a hand axe!
* * * LOW HITPOINT WARNING * * *
You completely miss the skeletal warrior.
The skeletal warrior hits you with a hand axe!
You die...

#### ### #..########.#
#...........####
###########..#######....##
#....).zz@...# #..#.##
##.########..# #..#.## #)#
#..# #...... #z# #..#
#..#### #.. #..# #..# #...
#... ....# #.... #.###
#.#..# .(..#. .. #.#
#.#.#.# #


You could see 2 skeletal warriors.

Vanquished Creatures
  3 skeletal warriors (D:9)
  Psyche (D:8)
  A troll (D:9)
  Prince Ribbit (D:5)
  2 hungry ghosts
  5 orc warriors (D:9)
  2 sky beasts
  2 necrophages
  3 black bears
  2 phantoms (D:4)
  6 centaurs
  8 ogres
  A big kobold (D:9)
  A bullfrog (D:8)
  2 gnoll sergeants (D:9)
  4 scorpions
  5 wights (D:8)
  3 howler monkeys (D:9)
  A bullfrog zombie (D:9)
  A jelly (D:6)
  A crimson imp (D:8)
  2 orc priests
  6 hounds
  6 orc wizards
  2 iguanas (D:4)
  3 worker ants
  A hound zombie (D:8)
  A worker ant zombie (D:6)
  15 gnolls
  12 adders
  2 shadow imps
  An ooze (D:4)
  An adder skeleton (D:5)
  3 worms
  4 dart slugs
  10 leopard geckos
  17 orcs
  5 bats
  7 giant cockroaches
  4 goblins
  5 hobgoblins
  14 jackals
  4 quokkas
  2 ball pythons
  7 frilled lizards
  6 kobolds
  A quokka zombie (D:7)
  10 rats
206 creatures vanquished.

Notes
Turn   | Place    | Note
-------+----------+-------------------------------------------
     0 | D:1      | ekdrah the Minotaur Berserker began the quest for the Orb.
     0 | D:1      | Reached XP level 1. HP: 19/19 MP: 0/0
    48 | D:1      | Reached skill level 4 in Maces & Flails
    76 | D:1      | Reached XP level 2. HP: 11/27 MP: 1/1
   498 | D:1      | Reached XP level 3. HP: 30/33 MP: 2/2
   848 | D:1      | Reached ** piety under Trog
  1172 | D:2      | Reached skill level 5 in Maces & Flails
  1174 | D:2      | Reached XP level 4. HP: 10/40 MP: 3/3
  2606 | D:2      | Reached skill level 6 in Maces & Flails
  2929 | D:3      | Reached XP level 5. HP: 44/46 MP: 4/4
  2991 | D:3      | Found a basalt altar of Yredelemnul.
  3414 | D:3      | Found an ancient bone altar of Kikubaaqudgha.
  3602 | D:4      | Noticed a phantom
  3665 | D:4      | Killed a phantom
  3665 | D:4      | Reached skill level 7 in Maces & Flails
  3798 | D:4      | Reached XP level 6. HP: 51/52 MP: 5/5
  3853 | D:4      | Reached *** piety under Trog
  3903 | D:4      | Reached skill level 8 in Maces & Flails
  4461 | D:4      | Reached skill level 9 in Maces & Flails
  4591 | D:4      | Reached XP level 7. HP: 50/59 MP: 6/6
  4795 | D:5      | Entered Level 5 of the Dungeon
  4844 | D:5      | Noticed a hungry ghost
  4887 | D:5      | Killed a hungry ghost
  4887 | D:5      | Reached skill level 10 in Maces & Flails
  5510 | D:5      | Reached skill level 11 in Maces & Flails
  5515 | D:5      | Reached XP level 8. HP: 46/66 MP: 7/7
  5582 | D:5      | Noticed Prince Ribbit
  5600 | D:5      | Killed Prince Ribbit
  5926 | D:5      | Reached skill level 12 in Maces & Flails
  6037 | D:6      | Found a staircase to the Ecumenical Temple.
  6250 | D:6      | Found an opulent altar of Gozag.
  6253 | D:6      | Found a radiant altar of Vehumet.
  6255 | D:6      | Found an iron altar of Okawaru.
  6257 | D:6      | Found a burning altar of Makhleb.
  6258 | D:6      | Found a shattered altar of Ashenzari.
  6327 | D:6      | Reached **** piety under Trog
  6579 | D:7      | Found a bloodstained altar of Trog.
  6584 | D:7      | Reached skill level 1 in Shields
  6689 | D:7      | Got a heavily runed chain mail
  6692 | D:7      | Identified the cursed +1 chain mail "Yghuyw" {Str+4} (You found it on level 7 of the Dungeon)
  7193 | D:8      | Reached XP level 9. HP: 73/73 MP: 8/8
  7210 | D:8      | Reached skill level 5 in Fighting
  7568 | D:8      | Noticed Psyche
  7593 | D:8      | Killed Psyche
  7639 | D:8      | Found Kehechiedo's Assorted Antiques.
  7965 | D:8      | Reached skill level 5 in Armour
  8182 | D:8      | Found a glowing golden altar of the Shining One.
  8410 | D:8      | Reached skill level 5 in Dodging
  8460 | D:9      | Received a gift from Trog
  8676 | D:9      | Reached skill level 5 in Shields
  8898 | D:9      | Noticed a troll
  8905 | D:9      | Reached XP level 10. HP: 76/86 MP: 9/9
  8923 | D:9      | Found a staircase to the Orcish Mines.
  8954 | D:9      | Reached ***** piety under Trog
  9417 | D:9      | Noticed a skeletal warrior
  9417 | D:9      | Noticed a skeletal warrior
  9419 | D:9      | Noticed a skeletal warrior
  9420 | D:9      | Noticed a skeletal warrior
  9424 | D:9      | Noticed a skeletal warrior
  9431 | D:9      | Killed a skeletal warrior
  9441 | D:9      | Killed a skeletal warrior
  9452 | D:9      | Killed a skeletal warrior
  9460 | D:9      | HP: 1/90 [skeletal warrior/hand axe[a skeletal warrior] (10)]
  9461 | D:9      | Demolished by a skeletal warrior

Skill      XL: |  1  2  3  4  5  6  7  8  9 10 |
---------------+-------------------------------+-----
Maces & Flails | 4 5 6 7 9 11 12 | 12.8
Fighting       | 4 7 8 |  8.8
Dodging        | 3 5 7 |  7.2
Shields        | 2 5 7 |  7.2
Armour         | 3 6 7 |  7.8
Stealth        | |  0.1

Action                   |  1- 3 |  4- 6 |  7- 9 | 10-12 || total
-------------------------+-------+-------+-------+-------++-------
Melee: Mace              |    74 |     5 |    14 |    94 ||   187
       Headbutt          |    14 |    17 |    67 |    13 ||   111
       Flail             |       |   148 |   336 |       ||   484
Invok: Berserk           |     1 |       |     2 |     2 ||     5
       Burn Spellbooks   |       |       |     2 |       ||     2
  Use: Scroll            |       |       |     5 |       ||     5
  Eat: Chunk             |     1 |    10 |    16 |     2 ||    29
       Beef jerky        |       |     1 |       |     1 ||     2
       Meat ration       |       |       |     2 |       ||     2
       Bread ration      |       |       |     1 |       ||     1
Armor: Animal skin       |     8 |       |       |       ||     8
       Ring mail         |    10 |    16 |       |       ||    26
       Plate armour      |       |    36 |    90 |       ||   126
       Chain mail        |       |       |    72 |    20 ||    92
Dodge: Dodged            |    52 |    63 |    93 |    37 ||   245
Block: Buckler           |       |       |    33 |    17 ||    50
